 Dungeon Crawl Stone Soup version 0.27.1-34-g3ba077fa99 (webtiles) character file.

Game seed: 11503760175572505165

49 Delamore the Sneak (level 3, -15/24 HPs)
             Began as an Octopode Brigand on Feb 12, 2022.
             Demolished by Crazy Yiuf (18 damage)
             ... on level 2 of the Dungeon.
             The game lasted 00:01:12 (1244 turns).

Delamore the Sneak (Octopode Brigand)               Turns: 1244, Time: 00:01:13

Health: -15/24     AC:  1    Str: 10    XL:     3   Next: 75%
Magic:  3/3        EV: 12    Int: 13    God:
Gold:   34         SH:  0    Dex: 14    Spells: 2/2 levels left

rFire    . . .     SeeInvis .   a - +2 dagger
rCold    . . .     Faith    .   (no shield)
rNeg     . . .     Spirit   .   (helmet restricted)
rPois    .         Reflect  .   (no amulet)
rElec    .         Harm     .   (no ring)
rCorr    .         Rampage  .   (no ring)
Will     .....                  (no ring)
Stlth    ++++......             (no ring)
HPRegen  0.08/turn              (no ring)
MPRegen  0.08/turn              (no ring)
                                (no ring)
                                (no ring)

@: no status effects
A: almost no armour, amphibious, 8 rings, camouflage 1, gelatinous body 1,
(nimble swimmer 1), tentacles
a: no special abilities


You were on level 2 of the Dungeon.
You visited 1 branch of the dungeon, and saw 2 of its levels.

You collected 34 gold pieces.

Inventory:

Hand Weapons
 a - a +2 dagger (weapon)
 f - a +0 rapier
Missiles
 b - 15 poisoned darts (quivered)
 c - 2 curare-tipped darts
 i - 2 javelins
Scrolls
 g - 2 scrolls of magic mapping {unknown}
 j - a scroll of silence {unknown}
Potions
 d - a potion of lignification {unknown}
 e - a potion of curing {unknown}
 h - a potion of haste {unknown}


   Skills:
 - Level 2.0 Fighting
 + Level 2.7 Short Blades
 - Level 2.0 Throwing
 - Level 1.0 Dodging
 * Level 6.7 Stealth


You had 2 spell levels left.
You didn't know any spells.
Your spell library contained the following spells:

 Spells                   Type           Power      Damage    Failure   Level
 Gell's Gravitas          Tloc           0%         N/A       67%         3
 Lesser Beckoning         Tloc           0%         N/A       67%         3
 Teleport Other           Tloc           0%         N/A       67%         3


Dungeon Overview and Level Annotations

Branches:
Dungeon (2/15)

Altars:

Shops:
D:1 (

Annotations:
D:2 Crazy Yiuf


Innate Abilities, Weirdness & Mutations

You cannot wear most types of armour.
You are amphibious.
You can wear up to eight rings at the same time.
Your skin changes colour to match your surroundings (Stealth+).
Your rubbery body absorbs attacks. (AC +1, EV +1)
((You are camouflaged near water. (Stealth+)))
You have tentacles for arms and can constrict up to eight enemies at once.


Message History

You impale the frilled lizard!!
You kill the frilled lizard!
No target in view!
No target in view!
No target in view!
No target in view!
No target in view!
Found a mace.
Found two maces and a runed mace.
Found a runed translucent door.
You see here a +0 mace.
No target in view!
You see here a +0 mace.
Found a mace.
You see here a +0 mace.
No reachable target in view!
No reachable target in view!
You open the door.
There is an open translucent door here.
Crazy Yiuf hits you with a +4 quarterstaff of chaos!
Ouch! That really hurt!
You hit Crazy Yiuf. You grab Crazy Yiuf.
Crazy Yiuf is lightly wounded.
You constrict Crazy Yiuf, but do no damage.
Crazy Yiuf hits you with a +4 quarterstaff of chaos!
* * * LOW HITPOINT WARNING * * *
Crazy Yiuf freezes you.
* * * LOW HITPOINT WARNING * * *
You hit Crazy Yiuf but do no damage. You squeeze Crazy Yiuf!
Crazy Yiuf is severely wounded.
You constrict Crazy Yiuf, but do no damage.
Okay, then.
You hit Crazy Yiuf.
Crazy Yiuf is severely wounded.
You constrict Crazy Yiuf. Crazy Yiuf barely misses you.
You hit Crazy Yiuf but do no damage.
Crazy Yiuf is almost dead.
You constrict Crazy Yiuf.
Crazy Yiuf hits you with a +4 quarterstaff of chaos!!
Ouch! That really hurt!
You die...

.>................######...###.#.
.......#######.#.......#...# #.#.
.......# #.#.#.###.#...###.#.
.......# ####### #.........#.
.......# ####.######.
.....####### ##### #.....†.....
##.........# #)..# ####.#######
#.........# #.g.# #.# ####......#
#.@)# #.####### #....(.# ##'##
#........ #......# ♣)♣♣
####........ #......# ♣♣)♣
#.##........ #.....## ♣.♣♣
#.##........ #.....# ♣♣)♣
#.##........ #.....# ♣♣.♣♣
#..#........ #.....# ♣♣...♣
##.#........ #.....# ♣....♣
#..÷##'####


You could see Crazy Yiuf.

Vanquished Creatures
  An adder (D:2)
  7 ball pythons
  4 endoplasms
  4 goblins
  3 hobgoblins
  4 jackals (D:1)
  A quokka (D:1)
  2 bats
  3 frilled lizards
  4 kobolds
  3 rats (D:2)
36 creatures vanquished.

Notes
Turn   | Place    | Note
-------+----------+-------------------------------------------
     0 | D:1      | Delamore the Octopode Brigand began the quest for the Orb.
     0 | D:1      | Reached XP level 1. HP: 14/14 MP: 1/1
   164 | D:1      | Found Exta's Weapon Shop.
   190 | D:1      | Reached XP level 2. HP: 19/19 MP: 2/2
   200 | D:1      | Reached skill level 6 in Stealth
   330 | D:1      | Found a faded altar of an unknown god.
   717 | D:1      | Reached XP level 3. HP: 24/24 MP: 3/3
  1234 | D:2      | Found a runed translucent door.
  1235 | D:2      | Noticed Crazy Yiuf
  1244 | D:2      | Demolished by Crazy Yiuf

Illustrated notes

Levels and vault maps discovered:
D:1:      dpeg_arrival_tiny_c, layout_loops_ring,
          chequers_ecumenical_altar_simple, serial_shops,
          nicolae_shop_behind_doors
D:2:      layout_basic, uniq_crazy_yiuf_cottage

Skill      XL: |  1  2 |
---------------+-------+-----
Stealth        | 6 |  6.7
Fighting       | |  2.0
Short Blades   | |  2.7
Throwing       | |  2.0
Dodging        | |  1.0

Action                   || total
-------------------------++-------
Melee: Dagger            ||    63
       Constrict         ||    13
       Tentacles         ||     4
 Stab: Sleeping          ||    18
Armor: Skin              ||     7
Dodge: Dodged            ||    21
